 Dungeon Crawl Stone Soup version 0.19-a0-1292-g796ee4d (webtiles) character file.

6241 4thArraOfDagon the Grappler (level 10, -1/138 (139) HPs)
             Began as a Troll Gladiator on Aug 30, 2016.
             Was a Follower of Nemelex Xobeh.
             Incinerated by a mottled dragon (5 damage)
             ... with a sticky flame
             ... on level 14 of the Dungeon.
             The game lasted 00:13:22 (2609 turns).

4thArraOfDagon the Grappler (Troll Gladiator)       Turns: 2609, Time: 00:13:22

HP:   -1/138 (139)  AC: 25    Str: 25    XL:     10   Next: 62%
MP:   11/11         EV:  1    Int:  7    God:    Nemelex Xobeh [*.....]
Gold: 249           SH:  0    Dex: 15    Spells: 0 memorised, 9 levels left

rFire  . . .     SeeInvis .       - Unarmed
rCold  . . .     Gourm    +     (armour currently unavailable)
rNeg   + + +     Faith    .     (no shield)
rPois  +         Spirit   .     (helmet currently unavailable)
rElec  .         Dismiss  .     (cloak currently unavailable)
rCorr  +         Reflect  .     (gloves unavailable)
MR     .....     Harm     .     (boots unavailable)
Stlth  +......... NoTele   +    p - amulet of rage
                                c - ring of flight
                                e - ring of resist corrosion

@: agile, liquid flames, tree-form, glowing
A: unfitting armour, (claws 0), (iridescent scales 0), fast metabolism 3, frail
1, gourmand, regeneration 1, (shaggy fur 0), (tough skin 0), subdued magic 1
a: Renounce Religion, Evoke Berserk Rage


You were on level 14 of the Dungeon.
You worshipped Nemelex Xobeh.
Nemelex Xobeh was aware of your devotion.
You were very full.
You were a tree.
You visited 2 branches of the dungeon, and saw 15 of its levels.

You collected 249 gold pieces.

Inventory:

Missiles
 h - 5 large rocks
 o - a throwing net (quivered)
Armour
 a - a +0 robe
 b - a +1 hat (melded)
 m - a +2 robe of magic resistance (melded)
 u - a +0 cloak of poison resistance (melded)
Jewellery
 c - a ring of flight (right branch)
 e - a ring of resist corrosion (left branch)
 p - an amulet of rage (around neck)
Wands
 i - a wand of lightning (8/15)
 q - a wand of acid (15/15)
 r - a wand of acid (8/15)
 y - a wand of lightning (5/15)
Scrolls
 f - 2 scrolls of enchant armour
 g - 2 scrolls of magic mapping
 l - 2 scrolls of remove curse
 s - a scroll of recharging
Potions
 v - a potion of cure mutation
 x - a potion of degeneration {unknown}
Books
 j - a book of Unlife

   Spells                             Type                      Level
   a - Recall                         Summoning/Translocation      3
   b - Animate Dead                   Necromancy                   4
   c - Control Undead                 Necromancy                   4
   d - Cigotuvi's Embrace             Necromancy                   5
   e - Death Channel                  Necromancy                   6
   f - Simulacrum                     Ice/Necromancy               6
Comestibles
 d - 3 bread rations
 k - 11 royal jellies
 n - 5 meat rations


   Skills:
 + Level 7.6 Fighting
 - Level 1.7 Throwing
 - Level 2.4 Dodging
 * Level 12.4 Unarmed Combat
 + Level 2.7 Invocations
 + Level 3.0 Evocations


You had 9 spell levels left.
You didn't know any spells.

Dungeon Overview and Level Annotations

Branches:
Dungeon (14/15)            Temple (1/1) D:7            Lair (0/6) D:9
    Orc: D:9-12      Vaults: D:13-14

Altars:
Ashenzari
Cheibriados
Dithmenos
Hepliaklqana
Kikubaaqudgha
Makhleb
Nemelex Xobeh
Okawaru
Ru
Trog
Uskayaw
Vehumet
Xom
Yredelemnul
Zin

Shops:
D:9 (


Innate Abilities, Weirdness & Mutations

You are too large for most types of armour.
((You have claws for hands.))
Your metabolism is lightning-fast.
You like to eat raw meat.
Your natural rate of healing is unusually fast.
((You are covered in fur. (AC +1)))
((You have very tough skin. (AC +2)))
((You are partially covered in iridescent scales. (AC +2)))
You are frail. (-10% HP)
Your spells are a little easier to cast, but a little less powerful.


Message History

The mottled dragon bites you!
* * * LOW HITPOINT WARNING * * *
The mottled dragon misses you.
Unknown command.
Unknown command.
It was a potion of agility.
You feel agile all of a sudden.
You are covered in liquid flames!
* * * LOW HITPOINT WARNING * * *
The mottled dragon barely misses you. The mottled dragon misses you.
Unknown command.
It was a potion of lignification.
You turn into a tree.
Your +0 cloak of poison resistance melds into your body.
Your +1 hat melds into your body.
Your +2 robe of magic resistance melds into your body.
You feel less resistant to hostile enchantments.
Your roots penetrate the ground.
You are covered in liquid flames!
You die...
Your body disappears without additional glow.

#8....8##8....8# #.......#
#.)...(##......####.....#.#
....(..............##.....#.#
#...#######c.........'.....#..
.... #(########.......### ≈##
#.#.....##.#####....
#.#..##.##%#########
#.#D.....†........ #
#.#####(#♣#.#).###..###. #
..o.o..(#.#.#....#....# .
...####.o.###..###..###...
##............. ...#
#..#.#..###..###..#
#..#.#....#....#...
#..###..###..###..#
##....))...........
#.###.)###..###.##


You could see a mottled dragon and an orc.

Vanquished Creatures
  A cyclops (D:14)
  Maurice (D:9)
  The ghost of 4thArraOfDagon the Ruffian, an amateur TrGl (D:5)
  A wraith (D:12)
  A wyvern (D:8)
  A yak (D:14)
  2 hungry ghosts
  2 hippogriffs
  Grum (D:9)
  A hippogriff (shapeshifter) (D:9)
  A mottled dragon (D:12)
  A water moccasin (D:7)
  An ice beast (D:8)
  3 orc warriors
  4 sky beasts
  A necrophage (D:8)
  A phantom (D:9)
  2 centaurs
  3 ogres
  A wolf (D:9)
  2 giant frogs
  2 wyvern skeletons
  A scorpion (D:14)
  2 wights (D:12)
  4 howler monkeys
  2 crimson imps
  A quasit (D:6)
  A centaur skeleton (D:9)
  A centaur zombie (D:7)
  A giant frog zombie (D:8)
  2 hounds
  An orc priest (D:8)
  A gnoll shaman (D:8)
  4 jellies
  10 orc wizards
  An iron imp (D:7)
  4 iguanas
  3 worker ants
  A hound skeleton (D:8)
  3 gnolls (D:8)
  A worker ant zombie (D:8)
  3 adders
  A shadow imp (D:5)
  7 oozes
  An adder zombie (D:9)
  27 orcs
  2 ball pythons
  3 giant cockroaches
  A hobgoblin (D:3)
  6 jackals
  3 quokkas
  A giant newt (D:4)
  A jackal skeleton (D:6)
  A kobold (D:2)
  A quokka skeleton (D:4)
136 creatures vanquished.

Vanquished Creatures (collateral kills)
  A hill giant (D:14)
  A manticore (D:14)
  3 yaks (D:14)
  A giant frog (D:14)
6 creatures vanquished.

Vanquished Creatures (others)
  5 dream sheep (D:3)
  An iguana (D:9)
6 creatures vanquished.

Grand Total: 148 creatures vanquished

Notes
Turn   | Place    | Note
-------+----------+-------------------------------------------
     0 | D:1      | 4thArraOfDagon the Troll Gladiator began the quest for the Orb.
     0 | D:1      | Reached XP level 1. HP: 19/19 MP: 0/0
    84 | D:3      | Noticed a dream sheep
    84 | D:3      | Noticed a dream sheep
    84 | D:3      | Noticed a dream sheep
    84 | D:3      | Noticed a dream sheep
    84 | D:3      | Noticed a dream sheep
    84 | D:3      | Found a shimmering altar of Xom.
    89 | D:3      | Killed a dream sheep
    89 | D:3      | Killed a dream sheep
    89 | D:3      | Killed a dream sheep
    89 | D:3      | Killed a dream sheep
    91 | D:3      | Killed a dream sheep
   128 | D:3      | Reached XP level 2. HP: 28/28 MP: 1/1
   151 | D:4      | Reached XP level 3. HP: 32/35 MP: 2/2
   162 | D:4      | Reached skill level 4 in Unarmed Combat
   213 | D:4      | Reached XP level 4. HP: 29/44 MP: 3/3
   225 | D:4      | You fall through a shaft!
   225 | D:5      | Entered Level 5 of the Dungeon
   244 | D:5      | Reached skill level 5 in Unarmed Combat
   244 | D:5      | Reached XP level 5. HP: 41/52 MP: 4/4
   356 | D:5      | Noticed an ogre
   359 | D:5      | Found a glowing silver altar of Zin.
   363 | D:5      | Killed an ogre
   363 | D:5      | Reached XP level 6. HP: 24/61 MP: 5/5
   414 | D:5      | Noticed a sky beast
   424 | D:5      | Killed a sky beast
   424 | D:5      | Reached skill level 6 in Unarmed Combat
   430 | D:5      | Gained mutation: You are partially covered in iridescent scales. (AC +2) [mutagenic meat]
   433 | D:5      | Gained mutation: You are frail. (-10% HP) [mutagenic meat]
   436 | D:5      | Gained mutation: Your spells are a little easier to cast, but a little less powerful. [mutagenic meat]
   442 | D:5      | Gained mutation: Your magical capacity is low. (-10% MP) [mutagenic meat]
   561 | D:5      | Noticed a sky beast
   598 | D:5      | Killed a sky beast
   598 | D:5      | Reached XP level 7. HP: 30/63 MP: 5/5
   603 | D:5      | Reached skill level 7 in Unarmed Combat
   632 | D:5      | Noticed 4thArraOfDagon's ghost (amateur TrGl)
   648 | D:5      | Killed 4thArraOfDagon's ghost
   687 | D:5      | Found a burning altar of Makhleb.
   800 | D:8      | Reached skill level 8 in Unarmed Combat
   805 | D:8      | Reached XP level 8. HP: 59/71 MP: 6/6
   898 | D:6      | Found an iron altar of Okawaru.
   948 | D:7      | Found a bloodstained altar of Trog.
   959 | D:7      | Found a staircase to the Ecumenical Temple.
   969 | Temple   | Entered the Ecumenical Temple
  1017 | Temple   | MMMMMMMMMMMMMMMMMMMMMMM
  1028 | Temple   | Became a worshipper of Nemelex Xobeh the Trickster
  1106 | D:7      | Gained mutation: You are mostly covered in iridescent scales. (AC +4) [potion of beneficial mutation]
  1113 | D:7      | Reached skill level 5 in Fighting
  1167 | D:7      | Received a gift from Nemelex Xobeh
  1177 | D:7      | Reached skill level 9 in Unarmed Combat
  1307 | D:7      | Found a snail-covered altar of Cheibriados.
  1336 | D:6      | Found a snail-covered altar of Cheibriados.
  1408 | D:8      | Reached skill level 10 in Unarmed Combat
  1408 | D:8      | Reached XP level 9. HP: 66/79 MP: 7/7
  1710 | D:9      | Gained mutation: You are very frail. (-20% HP) [mutagenic meat]
  1713 | D:9      | Gained mutation: You tend to lose your temper in combat. [mutagenic meat]
  1713 | D:9      | :(
  1796 | D:9      | Reached skill level 11 in Unarmed Combat
  1800 | D:9      | Noticed Grum
  1825 | D:9      | Killed Grum
  1825 | D:9      | Reached skill level 1 in Evocations
  1875 | D:9      | Noticed Maurice
  1895 | D:9      | Killed Maurice
  1938 | D:9      | Found a staircase to the Lair.
  1978 | D:9      | Found Affa's Weapon Emporium.
  2015 | D:10     | Entered Level 10 of the Dungeon
  2026 | D:10     | Reached * piety under Nemelex Xobeh
  2098 | D:10     | Reached XP level 10. HP: 80/80 MP: 9/9
  2217 | D:12     | Reached skill level 1 in Invocations
  2261 | D:12     | Lost mutation: Your magical capacity is low. (-10% MP) [potion of cure mutation]
  2261 | D:12     | Lost mutation: You are mostly covered in iridescent scales. (AC +4) [potion of cure mutation]
  2261 | D:12     | Lost mutation: You are very frail. (-20% HP) [potion of cure mutation]
  2261 | D:12     | Lost mutation: You tend to lose your temper in combat. [potion of cure mutation]
  2407 | D:14     | Reached skill level 12 in Unarmed Combat
  2466 | D:14     | Noticed a manticore
  2477 | D:14     | Killed a manticore
  2484 | D:14     | Noticed a hill giant
  2489 | D:14     | Killed a hill giant
  2501 | D:14     | Noticed a cyclops
  2525 | D:14     | Killed a cyclops
  2586 | D:14     | Noticed an orc knight
  2592 | D:14     | Noticed a seven-headed hydra
  2608 | D:14     | HP: 3/92 [burnt (6)]
  2609 | D:14     | Incinerated by a mottled dragon

Vault maps used:
D:1:      scummos_arrival_forest
D:2:      overflow_temple_1_default, old_standard_altar, uniq_robin
D:3:      kb_xom_exploding_sheep, ecumenical_altar_1, minmay_crystal_water
D:4:      nicolae_overflow_hidden_temple, kennysheep_generic_room_9
D:5:      lemuel_coloured_pillars_altar, overflow_temple_1_default,
          lightli_temple_of_fire, first_bread, minmay_holes
D:6:      kennysheep_okawaru_gauntlet, basic_altar, uniq_crazy_yiuf_cottage,
          uniq_pikel
D:7:      bloody_trog, slow_altar_1, serial_shops, shop
D:8:      hangedman_little_slice_of_home
D:9:      kennysheep_mini, lair_0_dummy, serial_shops, shop,
          hangedman_corner_corridor, uniq_maurice, uniq_grum, uniq_gastronok
D:10:     orc_0_dummy, serial_shops, nicolae_shop_crystal, uniq_josephine
D:11:     basic_altar, serial_bayou_ford_a, columned_hall_lemuel,
          hangedman_abyss_or_decor_stagger, grunt_decor_cap,
          kennysheep_generic_room_7
D:13:     david_vaults_1, st_stairs_1, glass_columns_a,
          bh_hangedman_babel_library
D:14:     minmay_blocking_statues, minmay_misc_feat_nine_boxes, fountainhead
Temple:   compressed_dpeg_triangle_lava_temple

Skill      XL: |  1  2  3  4  5  6  7  8  9 10 |
---------------+-------------------------------+-----
Fighting       | 2 3 4 5 7 |  7.6
Unarmed Combat | 4 5 6 8 10 11 12 | 12.4
Evocations     | 1 3 |  3.0
Invocations    | 2 |  2.7
Throwing       | |  1.7
Dodging        | |  2.4

Action                   |  1- 3 |  4- 6 |  7- 9 | 10-12 || total
-------------------------+-------+-------+-------+-------++-------
Melee: Unarmed           |    42 |    53 |   282 |    44 ||   421
       Punch             |       |       |    13 |     3 ||    16
Throw: Throwing net      |       |     2 |     1 |       ||     3
Evoke: Deck              |       |       |     4 |     7 ||    11
  Use: Potion            |       |       |     3 |     3 ||     6
       Scroll            |       |       |     7 |     1 ||     8
 Stab: Held in net/web   |       |     1 |       |       ||     1
       Sleeping          |       |       |     1 |       ||     1
  Eat: Chunk             |       |     8 |    28 |     6 ||    42
Armor: Robe              |    13 |    12 |   119 |    22 ||   166
Dodge: Dodged            |    29 |    14 |   114 |    20 ||   177
